[Event "Early-Titled-Tuesday-Blitz-May-28-2024"]
[Site "Chess.com"]
[Date "2024.05.28"]
[Round "3"]
[White "carloseduar100"]
[Black "noblerone"]
[Result "0-1"]
[WhiteElo "2304"]
[BlackElo "2537"]
[TimeControl "180+1"]
[EndTime "8:29:02 PDT"]
[Termination "noblerone won by resignation"]

1. d4 d5 2. c3 e6 3. e3 c5 4. Bd3 f5 5. f3 Nf6 6. Nd2 Bd6 7. Qe2 Qc7 8. dxc5 Bxh2 9. e4 Bg3+ 10. Kf1 fxe4 11. fxe4 O-O 12. Ngf3 b6 13. cxb6 axb6 14. e5 Ba6 15. exf6 Rxf6 16. Bxa6 Nxa6 17. Qd3 h6 18. Rh3 Nc5 19. Qe3 Raf8 20. Kg1 Bf4 21.
Qe2 e5 22. Nf1 e4 23. Bxf4 Qxf4 24. Nd4 Nd3 25. Ne3 Qd6 26. Rf1 Rf2 27. Qh5 Qf4 28.
Qxd5+ Kh7 29. Rxf2 Qxf2+ 30. Kh2 Qf4+ 31. Rg3 Qh4+ 32.
Rh3 Qf4+ 33. Kh1 Nf2+ 34. Kg1 Nxh3+ 35. gxh3 Qf2+ 36. Kh1 Qxe3 37. Qc4 Qxh3+ 38. Kg1 Qg3+ 39. Kh1 Rf4 0-1

[Event "Early-Titled-Tuesday-Blitz-May-28-2024"]
[Site "Chess.com"]
[Date "2024.05.28"]
[Round "3"]
[White "NCchamp"]
[Black "ATM622"]
[Result "1-0"]
[WhiteElo "2356"]
[BlackElo "2566"]
[TimeControl "180+1"]
[EndTime "8:29:03 PDT"]
[Termination "NCchamp won by resignation"]

1. d4 Nf6 2. Bg5 d5 3. e3 Nbd7 4. Nf3 h6 5. Bh4 e6 6. c3 c5 7.
Nbd2 Be7 8. Bd3 O-O 9. O-O Re8 10. Ne5 Nxe5 11. dxe5 Nd7 12. Bxe7 Qxe7 13. f4 c4 14. Bc2 f5 15. exf6 Nxf6 16. Nf3 Qc5 17. Qd4 b6 18. Ne5 Bb7 19. Rf3 Ne4 20. Raf1 Qxd4 21.
exd4 Nd2 22. Rg3 Nxf1 23. Kxf1 Rf8 24. Rf3 Rad8 25. Ke2 b5 26. a3 a5 27. Ke3 Ba8 28. Rg3 Rc8 29. Rh3 Rf6 30. g4 g5 31. fxg5 hxg5 32.
Rh5 Rf1 33. Rxg5+ Kf8 34. Rh5 Kg7 35. Rh7+ Kg8 36. g5 Rc1 37. Bg6 Rg1 38. h4 b4 39.
Rd7 bxc3 40. bxc3 Rg3+ 41. Kf4 Rxc3 42. Bh7+ Kf8 43. g6 Ke8 44. g7 1-0

[Event "Early-Titled-Tuesday-Blitz-May-28-2024"]
[Site "Chess.com"]
[Date "2024.05.28"]
[Round "3"]
[White "ChrisTool2"]
[Black "jraosam"]
[Result "1-0"]
[WhiteElo "2391"]
[BlackElo "2099"]
[TimeControl "180+1"]
[EndTime "8:29:03 PDT"]
[Termination "ChrisTool2 won by resignation"]

1. d4 d5 2. c4 e6 3. Nf3 Nf6 4.
Nc3 Be7 5. Bf4 O-O 6. e3 c5 7. dxc5 dxc4 8. Bd6 Bxd6 9. Qxd6 Qxd6 10. cxd6 Rd8 11.
O-O-O Ne8 12. Bxc4 a6 13. Ne4 b5 14. Bb3 Bb7 15.
Neg5 h6 16. Nxe6 fxe6 17. Bxe6+ Kh7 18. d7 Nf6 19. Ne5 Nc6 20. Nf7 Rf8 21. Kb1 Nd8 22. Nxd8 Rfxd8 23. f3 Bc6 24. Rd6 Bxd7 25. Rhd1 Bxe6 26. Rxd8 Ra7 27. R1d6 Bf5+ 28. e4 Bg6 29. a3 a5 30. g4 b4 31. axb4 axb4 32. Rb8 Ra4 33.
h4 Bf7 34. Rb7 Ba2+ 35. Kc1 Bb3 36. Rxf6 Ra1+ 37. Kd2 Rd1+ 38. Ke3 Rb1 39. g5 Rxb2 40. Rxh6+ Kg8 41. Rhb6 Bd1 42. g6 Re2+ 43. Kf4 1-0

[Event "Early-Titled-Tuesday-Blitz-May-28-2024"]
[Site "Chess.com"]
[Date "2024.05.28"]
[Round "3"]
[White "GOGIEFF"]
[Black "GoltsevDmitry2000"]
[Result "1-0"]
[WhiteElo "3013"]
[BlackElo "2752"]
[TimeControl "180+1"]
[EndTime "8:29:04 PDT"]
[Termination "GOGIEFF won by checkmate"]

1. c4 e5 2. d3 Nf6 3. Nf3 Nc6 4. a3 d5 5. cxd5 Nxd5 6. e3 Be7 7. Be2 O-O 8. O-O Be6 9. Qc2 f5 10. b4 Bf6 11.
Bb2 a6 12. Nbd2 Qe7 13. Nb3 Rad8 14. Nc5 Bc8 15. Rad1 b6 16. Nxa6 Bxa6 17. Qxc6 Rd6 18. Qc2 e4 19. Nd4 Bxd4 20. Bxd4 Rh6 21. dxe4 Bxe2 22. Qxe2 Qxe4 23. Qf3 Qxf3 24. gxf3 c6 25. f4 Ra8 26. Rd3 b5 27. Rc1 Rg6+ 28. Kf1 Rh6 29. Be5 Ra6 30. Kg2 Rg6+ 31. Kh1 Re6 32. f3 g5 33. Rg1 h6 34. h4 Kf7 35. hxg5 Ra8 36.
Rg2 Rg8 37. gxh6 Rxh6+ 38. Kg1 Rxg2+ 39. Kxg2 Rg6+ 40. Kf2 Rh6 41. e4 Ne7 42. Rd6 Rh2+ 43. Kg3 Ra2 44. Rf6+ Ke8 45. Bd6 Rxa3 46. Bc5 Rd3 47.
Re6 Kd7 48. Rxe7+ Kc8 49. exf5 Rd8 50. f6 Rg8+ 51. Rg7 Rd8 52. f7 Kb7 53. f8=Q+ Ka6 54. Ra7# 1-0

[Event "Early-Titled-Tuesday-Blitz-May-28-2024"]
[Site "Chess.com"]
[Date "2024.05.28"]
[Round "3"]
[White "Barmen_EV"]
[Black "C_K_G"]
[Result "1-0"]
[WhiteElo "2571"]
[BlackElo "2314"]
[TimeControl "180+1"]
[EndTime "8:29:04 PDT"]
[Termination "Barmen_EV won by checkmate"]

1. e4 c5 2. Nf3 d6 3. c3 Nf6 4. Be2 Nc6 5. d4 cxd4 6. cxd4 Nxe4 7. d5 Qa5+ 8. Nc3 Nxc3 9. bxc3 Ne5 10. Nxe5 Qxc3+ 11. Bd2 Qxe5 12. O-O Qxd5 13. Bf3 Qb5 14. Rb1 Qa6 15.
Be2 Qxa2 16. Bb5+ Bd7 17. Bxd7+ Kxd7 18. Rxb7+ Ke8 19. Qg4 f6 20. Bb4 Kf7 21. Re1 h5 22.
Qd7 Qd5 23. h4 Rh6 24. Rxe7+ Kg6 25. Rxg7+ Bxg7 26. Qxg7+ Kf5 27. Qxh6 Qxb7 28. Qxh5+ Ke6 29. Qg4+ Kf7 30. Qh5+ Kg7 31. Bc3 Qf7 32. Qg5+ Qg6 33.
Bxf6+ Kh7 34. Qd5 Rg8 35. Qb7+ Kh6 36. Bg5+ Kh5 37. Qf3# 1-0

[Event "Early-Titled-Tuesday-Blitz-May-28-2024"]
[Site "Chess.com"]
[Date "2024.05.28"]
[Round "3"]
[White "AwareIdea"]
[Black "EggLoser"]
[Result "1-0"]
[WhiteElo "2481"]
[BlackElo "2277"]
[TimeControl "180+1"]
[EndTime "8:29:05 PDT"]
[Termination "AwareIdea won by resignation"]

1. c4 e6 2. Nc3 d5 3. e3 Nf6 4. b3 Be7 5. Bb2 O-O 6. Qc2 c5 7. Nf3 Nc6 8. cxd5 exd5 9. a3 h6 10. Be2 Be6 11. d4 cxd4 12. exd4 Rc8 13. O-O a6 14. h3 b5 15. b4 Nd7 16. Qd2 Nb6 17.
Rfd1 Bf6 18. Qf4 Nc4 19. Bxc4 bxc4 20. Ne2 Rb8 21. Bc3 a5 22. Rab1 axb4 23. axb4 Qe7 24. b5 Na7 25. Bb4 Qb7 26. b6 Nc6 27. Bxf8 Rxf8 28.
Nc3 Ra8 29. Qd6 Bd8 30. Nxd5 Bxd5 31. Qxd5 c3 32. Rdc1 Ra5 33. Qe4 Ra3 34. Ne5 Na5 35.
Qxb7 Nxb7 36. Nc4 Ra4 37. Rxc3 Bf6 38. Rd1 Rb4 39. Rc2 Kf8 40. d5 Ke8 41. d6 Kd7 42.
g3 Bd8 43. Kg2 Bxb6 44. Nxb6+ Rxb6 45. Rc7+ Kd8 46. Rxf7 Nxd6 47. Rxg7 Ke8 48. Rg6 Nc4 49. Rxb6 Nxb6 50. Rd6 Nc4 51. Rxh6 Ne5 52. Re6+ 1-0

[Event "Early-Titled-Tuesday-Blitz-May-28-2024"]
[Site "Chess.com"]
[Date "2024.05.28"]
[Round "3"]
[White "Dolphin_2010"]
[Black "Flaccidmoves"]
[Result "1-0"]
[WhiteElo "2747"]
[BlackElo "2478"]
[TimeControl "180+1"]
[EndTime "8:29:07 PDT"]
[Termination "Dolphin_2010 won by resignation"]

1. d4 Nf6 2. Bg5 d5 3. Bxf6 exf6 4. e3 Bd6 5. c4 dxc4 6. Bxc4 O-O 7. Nc3 c6 8. Nf3 Bg4 9. O-O Nd7 10. Rc1 f5 11. a3 a5 12. Be2 Qb8 13. g3 Nf6 14.
Nd2 Bh3 15. Re1 Re8 16. Bf3 g6 17. Na4 Ne4 18. Nc3 Nf6 19. Qc2 h5 20. Bg2 Bxg2 21.
Kxg2 h4 22. Nf3 hxg3 23. hxg3 Kg7 24. Qb3 Ng4 25. Ne2 f6 26. Rh1 Qc7 27. Nf4 Bxf4 28.
gxf4 Rh8 29. d5 Rxh1 30. Rxh1 cxd5 31. Qxd5 Rh8 32. Nd4 Re8 33. Ne6+ Rxe6 34. Qxe6 Nh6 35. Rd1 Qc6+ 36. Qxc6 bxc6 37. Rd6 g5 38. Rxc6 Ng4 39. Rc5 Kg6 40. Rxa5 Nh6 41. Rb5 Nf7 42. a4 Nd6 43.
Rb6 Nc4 44. a5 Nxa5 45. b4 Nc4 46. Rb8 Nd6 47. b5 Kf7 48. b6 Ke6 49. b7 Kd5 50. Rd8 1-0

[Event "Early-Titled-Tuesday-Blitz-May-28-2024"]
[Site "Chess.com"]
[Date "2024.05.28"]
[Round "3"]
[White "Massakru"]
[Black "KingCrusher275"]
[Result "0-1"]
[WhiteElo "2376"]
[BlackElo "2600"]
[TimeControl "180+1"]
[EndTime "8:29:07 PDT"]
[Termination "KingCrusher275 won by resignation"]

1. e4 e5 2. Nf3 Nf6 3. Nxe5 d6 4.
Nf3 Nxe4 5. Nc3 Nxc3 6. dxc3 Be7 7. Be3 O-O 8. Qd2 Nd7 9. O-O-O c6 10. Bd3 d5 11. h4 Nc5 12. c4 Nxd3+ 13. Qxd3 dxc4 14.
Qxc4 Qa5 15. Bd2 Qh5 16. Rde1 Be6 17. Qa4 Bf6 18. Ng5 Qg4 19. Qxg4 Bxg4 20. f3 Bd7 21. Ne4 Be7 22. Ng5 Rfe8 23. Be3 h6 24. Ne4 Bf5 25.
Ng3 Bh7 26. Bf2 a6 27. Re2 Bd6 28. Rhe1 Kf8 29. Ne4 Bf4+ 30. Kb1 f6 31. Bc5+ Kf7 32. g3 Bxe4 33. Rxe4 Bxg3 34. Re7+ Rxe7 35. Rxe7+ Kg8 36. h5 Rd8 37. a4 Rd5 38. b4 Rxh5 39. Rxb7 Rf5 40.
Rb6 h5 41. Rxa6 h4 42. Rxc6 h3 43. Bg1 Rxf3 44. b5 Rf1+ 45. Ka2 Rxg1 46. b6 h2 47. b7 h1=Q 48. Rc8+ Kh7 49. b8=Q Bxb8 50. Rxb8 Qd5+ 51. Ka3 Ra1+ 52. Kb2 Qa2+ 53. Kc3 Qxa4 54. Rb3 Ra3 55. Kb2 Rxb3+ 56. cxb3 Qb4 0-1

[Event "Early-Titled-Tuesday-Blitz-May-28-2024"]
[Site "Chess.com"]
[Date "2024.05.28"]
[Round "3"]
[White "zozik"]
[Black "Shuvalov"]
[Result "0-1"]
[WhiteElo "2337"]
[BlackElo "2581"]
[TimeControl "180+1"]
[EndTime "8:29:07 PDT"]
[Termination "Shuvalov won by resignation"]

1. d4 Nf6 2. Nf3 g6 3. g3 Bg7 4. Bg2 d5 5. O-O O-O 6. c4 c6 7.
cxd5 cxd5 8. Nc3 Bf5 9. Ne5 Ne4 10. Nxe4 Bxe4 11. Qb3 Bxg2 12. Kxg2 Nc6 13. Nxc6 bxc6 14. Qc3 Rc8 15. Qc5 Qb6 16. Qxb6 axb6 17. Rd1 e6 18.
Be3 c5 19. Rac1 c4 20. a3 b5 21. Bf4 Rfd8 22. f3 h5 23. h4 Bf6 24. Bg5 Bxg5 25. hxg5 b4 26. axb4 Rb8 27. e4 Rxb4 28. Rc2 Rdb8 29.
Rdd2 Rb3 30. Kf2 Kf8 31. exd5 exd5 32. Re2 Rd3 33. Red2 Rbb3 34. Rxd3 Rxd3 35. b4 Rxd4 36. b5 Ke7 37. Ra2 c3 38. Ke3 Rc4 39. Rc2 Kd6 40. Kd3 Kc5 41. Rxc3 Rxc3+ 42. Kxc3 Kxb5 43. Kd4 Kc6 44. Ke5 Kc5 45. Kf6 d4 46. Kxf7 d3 47. Kxg6 d2 48.
Kh7 d1=Q 49. g6 Qd3 50. Kh6 Qxf3 51. g7 Qxg3 52. g8=Q Qxg8 53. Kxh5 Kd4 0-1

[Event "Early-Titled-Tuesday-Blitz-May-28-2024"]
[Site "Chess.com"]
[Date "2024.05.28"]
[Round "3"]
[White "Budag-Leyla"]
[Black "HajiyevKanan"]
[Result "1-0"]
[WhiteElo "1950"]
[BlackElo "2526"]
[TimeControl "180+1"]
[EndTime "8:29:08 PDT"]
[Termination "Budag-Leyla won by checkmate"]

1. d4 d5 2. Nf3 c5 3. c4 cxd4 4. cxd5 Qa5+ 5. Bd2 Qxd5 6. e3 dxe3 7. fxe3 Nf6 8. Nc3 Qc5 9. Rc1 Nc6 10. Nb5 Qb6 11.
Qc2 Bg4 12. Be2 Rc8 13. Qb3 e6 14. h3 Bh5 15. a4 Be7 16. a5 Qd8 17. Rd1 O-O 18. Bc3 Qe8 19. O-O Nd5 20. Nbd4 Nxe3 21. Nxc6 Qxc6 22. Bxg7 Kxg7 23. Qxe3 Bc5 24. Nd4 Bxe2 25.
Qxe2 Rcd8 26. Kh1 Bxd4 27. Qg4+ Kh8 28. Rxd4 f5 29. Qf4 Qc5 30. Rxd8 Rxd8 31. Qg5 Qf8 32. Re1 Rd6 33. b4 a6 34. Qg3 Qe7 35. Qe5+ Kg8 36. Qc5 Rd7 37. Qc8+ Kg7 38. Qc3+ Qf6 39. Qg3+ Kf7 40.
Qf3 e5 41. Qh5+ Kg7 42. Qf3 e4 43. Qg3+ Qg6 44. Qe5+ Qf6 45. Qg3+ Kf7 46. Qf4 Re7 47. Re3 Qe5 48. Qh6 Kg8 49. Qg5+ Kf7 50. Qh5+ Kg7 51. Qg5+ Kh8 52. Qh6 Qg7 53. Qh4 Rf7 54. Re1 f4 55.
Rxe4 Qa1+ 56. Kh2 Qf6 57. Re8+ Kg7 58. Qg4+ Qg6 59. Qf3 Kh6 60. Qe2 f3 61. Qe3+ Qg5 62.
Re6+ Kh5 63. g4+ Kh4 64. Qf2# 1-0

[Event "Early-Titled-Tuesday-Blitz-May-28-2024"]
[Site "Chess.com"]
[Date "2024.05.28"]
[Round "3"]
[White "Djager97"]
[Black "microbear"]
[Result "1-0"]
[WhiteElo "2536"]
[BlackElo "2303"]
[TimeControl "180+1"]
[EndTime "8:29:08 PDT"]
[Termination "Djager97 won by resignation"]

1. e4 c5 2. Nf3 d6 3. d4 Nf6 4.
Nc3 cxd4 5. Nxd4 Nc6 6. Bg5 Bd7 7. Bxf6 gxf6 8. Bc4 Qa5 9. O-O Nxd4 10. Qxd4 Qc5 11. Qxc5 dxc5 12. Nb5 Kd8 13. Rad1 a6 14. Bxf7 Kc8 15.
Nc3 e6 16. Rd3 Kc7 17. Rfd1 Bc8 18. a4 b6 19. f4 Be7 20. f5 c4 21. R3d2 Bc5+ 22.
Kf1 exf5 23. Nd5+ Kc6 24. Nxf6 Rb8 25. e5 Rf8 26. Bxc4 b5 27. axb5+ axb5 28. Bd5+ Kb6 29. Bf3 Bb7 30. Bxb7 Rxb7 31. Rd8 Rxd8 32. Rxd8 Re7 33. Re8 Rxe8 34. Nxe8 Kc6 35. Nd6 f4 36. c3 Kd5 37.
Nxb5 Kxe5 38. Ke2 Ke4 39. Nd4 Bxd4 40. cxd4 Kxd4 41. Kf3 Kd3 42. Kxf4 1-0

[Event "Early-Titled-Tuesday-Blitz-May-28-2024"]
[Site "Chess.com"]
[Date "2024.05.28"]
[Round "3"]
[White "Milop27"]
[Black "Aygehovit1992"]
[Result "0-1"]
[WhiteElo "2478"]
[BlackElo "2823"]
[TimeControl "180+1"]
[EndTime "8:29:09 PDT"]
[Termination "Aygehovit1992 won on time"]

1. e4 c5 2. Nf3 e6 3. d4 cxd4 4.
Nxd4 Nc6 5. Nxc6 bxc6 6. Bd3 d5 7. O-O Nf6 8. e5 Nd7 9. f4 Qb6+ 10. Kh1 Ba6 11.
Nd2 Bxd3 12. cxd3 Be7 13. Nf3 O-O 14. Qe2 Rab8 15. b3 a5 16. f5 c5 17. f6 gxf6 18. Bh6 Rfe8 19. Qf2 Kh8 20. exf6 Bxf6 21. Ng5 Bxg5 22.
Bxg5 f5 23. Qh4 Rf8 24. Rae1 e5 25. Rf3 Rbe8 26. Ref1 Qg6 27. Bh6 Rf6 28. Bg5 Rf7 29. Rg3 Qe6 30. Bd2 f4 31. Rg5 Rf5 32. h3 Rxg5 33.
Qxg5 Rg8 34. Qh4 Qg6 35. Qf2 Qxd3 36. Bxa5 Nf6 37. Bc7 Qf5 38. Re1 Ne4 39. Qf3 Ng3+ 40.
Kh2 Ne4 41. Rf1 Rg3 0-1

[Event "Early-Titled-Tuesday-Blitz-May-28-2024"]
[Site "Chess.com"]
[Date "2024.05.28"]
[Round "3"]
[White "salomez"]
[Black "jaskol95"]
[Result "0-1"]
[WhiteElo "2309"]
[BlackElo "2530"]
[TimeControl "180+1"]
[EndTime "8:29:09 PDT"]
[Termination "jaskol95 won on time"]

1. e4 c5 2. Nf3 e6 3. c3 Nf6 4. e5 Nd5 5. d4 cxd4 6. cxd4 d6 7. Bc4 Be7 8. O-O O-O 9. Qe2 b6 10. Nc3 Bb7 11. Nxd5 exd5 12. Bd3 dxe5 13. Nxe5 Nd7 14. Re1 Nxe5 15. dxe5 Rc8 16. Bd2 Qd7 17. Qh5 g6 18.
e6 Qd6 19. Qh6 Bf6 20. Bf4 Qe7 21. exf7+ Qxf7 22. Bd6 Bg7 23. Qh4 Rfe8 24. Bb5 Re6 25. Ba3 a6 26. Bd3 Rce8 27. f3 Bd4+ 28. Kf1 Bf6 29. Qf2 Qc7 30. Rxe6 Rxe6 31. Re1 Rxe1+ 32.
Qxe1 Kf7 33. g3 Bc8 34. Kg2 Qd7 35. Qe2 Qh3+ 36. Kh1 b5 37. b3 Bf5 38. Bxf5 Qxf5 39.
Kg2 Qb1 40. Bb4 d4 41. Ba5 d3 42.
Qd2 Qc2 43. Kf2 Bd4+ 44. Kg2 Be3 0-1

[Event "Early-Titled-Tuesday-Blitz-May-28-2024"]
[Site "Chess.com"]
[Date "2024.05.28"]
[Round "3"]
[White "KNVB"]
[Black "Kotofeyca"]
[Result "1/2-1/2"]
[WhiteElo "2759"]
[BlackElo "2516"]
[TimeControl "180+1"]
[EndTime "8:29:10 PDT"]
[Termination "Game drawn by repetition"]

1. e4 c5 2. Nf3 d6 3. b3 Bg4 4.
Bb2 Nc6 5. Bc4 e6 6. h3 Bh5 7. Nc3 a6 8. a4 Ne5 9. Be2 Nxf3+ 10. Bxf3 Bxf3 11. Qxf3 Ne7 12. O-O Nc6 13. Ne2 Qg5 14. d4 cxd4 15. Nxd4 Nxd4 16. Bxd4 Rc8 17. e5 d5 18. c4 Rd8 19. Rad1 Qf5 20. Qxf5 exf5 21. Bb6 Rc8 22. cxd5 Bb4 23. d6 Kd7 24. Rd4 Bc3 25. Rd5 Rc6 26. a5 Re8 27. f4 f6 28.
exf6 Bxf6 29. Rxf5 Re2 30. Rf2 Rc1+ 31. Kh2 Rxf2 32. Bxf2 Rb1 33. Rh5 h6 34. Bb6 Kxd6 35.
b4 Ke6 36. Bc5 Rf1 37. Kg3 Rc1 38. Kg4 Rc2 39. g3 Rd2 40. Bb6 Rb2 41. Bc5 Rd2 42.
Bf8 Kf7 43. Bc5 Ke6 1/2-1/2

[Event "Early-Titled-Tuesday-Blitz-May-28-2024"]
[Site "Chess.com"]
[Date "2024.05.28"]
[Round "3"]
[White "Semetey"]
[Black "FrenchPlayer2203"]
[Result "1-0"]
[WhiteElo "2550"]
[BlackElo "2097"]
[TimeControl "180+1"]
[EndTime "8:29:10 PDT"]
[Termination "Semetey won on time"]

1. Nc3 d5 2. e4 e6 3. Nf3 Nf6 4.
e5 Ne4 5. Ne2 Ng5 6. Ng3 Nxf3+ 7. Qxf3 g6 8. d4 c5 9. c3 Nc6 10. Qe3 cxd4 11. cxd4 Qa5+ 12. Bd2 Bb4 13. Bc3 Qb6 14. Be2 Nxd4 15. O-O Nxe2+ 16. Qxe2 Bxc3 17. bxc3 Bd7 18. Rfb1 Qc7 19. Qe3 a6 20. Rb4 Bb5 21. Rf4 Bc4 22. h4 O-O-O 23. h5 g5 24. Rd4 h6 25. a4 b6 26. Rb1 b5 27. axb5 axb5 28. Ne2 Kd7 29. Rg4 Ra8 30. Nd4 Rhb8 31. Qf3 Ke8 32. Qf6 Qe7 33. Qxh6 Kd7 34. Qxg5 Qxg5 35.
Rxg5 Ra2 36. h6 Rd2 37. h7 Rh8 38. Rg7 Ke7 39. Nxb5 Kf8 40. Rg3 Rxh7 41. Nd6 Rc2 42.
f4 1-0

[Event "Early-Titled-Tuesday-Blitz-May-28-2024"]
[Site "Chess.com"]
[Date "2024.05.28"]
[Round "3"]
[White "Francesco_Bernoulli"]
[Black "Nf3c5"]
[Result "0-1"]
[WhiteElo "2298"]
[BlackElo "2567"]
[TimeControl "180+1"]
[EndTime "8:29:11 PDT"]
[Termination "Nf3c5 won by resignation"]

1. e4 c5 2. Nf3 Nc6 3. Bb5 Na5 4. O-O a6 5. Be2 e6 6. d4 cxd4 7. Nxd4 b5 8. Nc3 Bb7 9. Be3 Qc7 10. f4 Nf6 11. e5 Nd5 12. Nxd5 Bxd5 13. a4 b4 14. b3 Bc5 15. Bf3 O-O 16. Bxd5 exd5 17. Nf5 g6 18. Nh6+ Kg7 19. Ng4 h5 20. Bxc5 Qxc5+ 21. Nf2 Rac8 22. Rc1 Nc6 23. Kh1 d6 24. Nd3 Qc3 25. exd6 Nd4 26.
Rf2 Nf5 27. Qd2 a5 28. Qxc3+ Rxc3 29. Rd2 Nxd6 30. Ne5 Ne4 31. Rxd5 Rfc8 32. Nc4 R8xc4 33. bxc4 b3 34. Rb5 Rxc2 35. Rb1 Nc3 36. R5xb3 Nxb1 37. Rxb1 Rxc4 38. Kg1 Rxf4 39. Rb7 Rxa4 40. Kf2 Ra2+ 41.
Kf3 a4 42. Ra7 a3 43. h3 h4 44. Ra6 f5 45. Ra7+ Kh6 46. Ra6 Kg5 47. Ra5 Kf6 48. Ra6+ Ke5 49. Rxg6 Rb2 50. Ra6 a2 51. Ra5+ Kd4 52.
Ra8 Kc3 53. Rc8+ Kd2 54. Rd8+ Kc1 55. Rc8+ Kb1 0-1

[Event "Early-Titled-Tuesday-Blitz-May-28-2024"]
[Site "Chess.com"]
[Date "2024.05.28"]
[Round "3"]
[White "DanielDardha2005"]
[Black "DumbKing75"]
[Result "0-1"]
[WhiteElo "2873"]
[BlackElo "2668"]
[TimeControl "180+1"]
[EndTime "8:29:12 PDT"]
[Termination "DumbKing75 won by checkmate"]

1. d4 d5 2. Nf3 Nf6 3. e3 c5 4. dxc5 e6 5. a3 Bxc5 6. b4 Be7 7. c4 a5 8. b5 O-O 9. Bb2 Nbd7 10. Nc3 Nb6 11. cxd5 Nfxd5 12. Nxd5 Nxd5 13. e4 Bf6 14. Qd2 Bxb2 15. Qxb2 Qf6 16. Qxf6 Nxf6 17. Bd3 Rd8 18. Ke2 b6 19. Ne5 Bb7 20. f3 Nd7 21. Nc4 Rac8 22. Rac1 Rc7 23. Ke3 Kf8 24. Nd6 Nc5 25. e5 f6 26. f4 Bxg2 27. Rhg1 Bd5 28. Bxh7 Rcd7 29. Bb1 Nb7 30. Ne4 Bxe4 31. Bxe4 Nc5 32. exf6 gxf6 33. Rg6 Nxe4 34. Kxe4 Rd4+ 35. Kf3 Rd3+ 36. Ke2 Rd2+ 37. Ke3 R8d3+ 38. Ke4 Kf7 39. Rcg1 f5+ 40. Ke5 Re3# 0-1

[Event "Early-Titled-Tuesday-Blitz-May-28-2024"]
[Site "Chess.com"]
[Date "2024.05.28"]
[Round "3"]
[White "Squirlolz"]
[Black "TigrVShlyape"]
[Result "0-1"]
[WhiteElo "2528"]
[BlackElo "2906"]
[TimeControl "180+1"]
[EndTime "8:29:13 PDT"]
[Termination "TigrVShlyape won on time"]

1. e4 c5 2. Be2 Nc6 3. d3 g6 4.
f4 Bg7 5. Nf3 d6 6. O-O Nf6 7. Qe1 c4 8. Kh1 cxd3 9. cxd3 Bg4 10. Nc3 O-O 11. Qh4 Bxf3 12. Bxf3 Nd4 13. f5 Nxf3 14.
Rxf3 Qb6 15. fxg6 fxg6 16. Rb1 Rac8 17. Bd2 Qc5 18. Rbf1 Qh5 19. Qxh5 gxh5 20. Kg1 a6 21. a4 e6 22. h3 Nd7 23. Rxf8+ Bxf8 24. Kf2 Bg7 25.
Ke2 Ne5 26. b3 Nc6 27. Rb1 Nd4+ 28. Kd1 Kf7 29. Ne2 Nc6 30. Rc1 Ke7 31. Bc3 Bh6 32. Bd2 Bg7 33. Bc3 Bxc3 34. Rxc3 Rg8 35. g3 Kd7 36. Ke1 Rf8 37. d4 b5 38. axb5 axb5 39.
Rd3 Nb4 40. Rc3 e5 41. dxe5 dxe5 42. Nc1 Kd6 43. Nd3 Rf3 44. Ke2 Rxg3 45. Rc8 Nxd3 46. Rd8+ Kc5 47. Rxd3 Rxd3 48. Kxd3 Kb4 49. Kc2 h4 50.
Kb2 h6 51. Kc2 Ka3 52. Kc3 h5 53. Kc2 b4 0-1

[Event "Early-Titled-Tuesday-Blitz-May-28-2024"]
[Site "Chess.com"]
[Date "2024.05.28"]
[Round "3"]
[White "Zhigalko_Sergei"]
[Black "ChessShop"]
[Result "1/2-1/2"]
[WhiteElo "2889"]
[BlackElo "2668"]
[TimeControl "180+1"]
[EndTime "8:29:14 PDT"]
[Termination "Game drawn by repetition"]

1. e4 e5 2. Nf3 d6 3. d4 exd4 4. Qxd4 Nf6 5. Nc3 Be7 6. Bg5 h6 7.
Bh4 Nc6 8. Bb5 O-O 9. Bxc6 bxc6 10. O-O Nd7 11. Bxe7 Qxe7 12. Rfe1 a5 13. e5 d5 14. Qf4 Nb6 15. Rad1 Be6 16. Nd4 c5 17. Nf5 Bxf5 18.
Qxf5 Qe6 19. Qf4 a4 20. h3 c6 21. b3 axb3 22. axb3 Nd7 23. Rd3 Rfb8 24. Qg3 Rb4 25.
f4 Qf5 26. Rf1 Rd4 27. Rff3 Ra1+ 28. Kh2 Rxd3 29. Rxd3 Rc1 30. Nd1 Rxc2 31. Rf3 Rc1 32. Nf2 c4 33. bxc4 dxc4 34. Qh4 Nf8 35. Qd8 Qd7 36.
Qa8 c3 37. Ng4 Qd1 38. Kg3 Qe1+ 39. Rf2 c2 40. e6 Qxe6 41. Kh2 Qe1 42. Rf3 Qh1+ 43.
Kg3 Qe1+ 44. Kh2 Qh1+ 45. Kg3 Qe1+ 46. Kh2 1/2-1/2

[Event "Early-Titled-Tuesday-Blitz-May-28-2024"]
[Site "Chess.com"]
[Date "2024.05.28"]
[Round "3"]
[White "LionelMessiFCB"]
[Black "Meri-Arabidze"]
[Result "1/2-1/2"]
[WhiteElo "2498"]
[BlackElo "2679"]
[TimeControl "180+1"]
[EndTime "8:29:15 PDT"]
[Termination "Game drawn - insufficient material"]

1. e4 c5 2. Nf3 e6 3. g3 d5 4. exd5 exd5 5. d4 cxd4 6. Nxd4 Nc6 7. Bg2 Bc5 8. Nb3 Qe7+ 9. Qe2 Qxe2+ 10. Kxe2 Bb6 11. Bxd5 Nb4 12. Be4 Nf6 13. Bd3 Nxd3 14.
cxd3 Bg4+ 15. f3 Bf5 16. Nc3 O-O-O 17. Ne4 Nd5 18. Bg5 f6 19. Rac1+ Kb8 20. Bd2 Rhe8 21. Ba5 Bxa5 22. Nxa5 Bg6 23. Kf2 Nb4 24. Nc5 Nxd3+ 25. Nxd3 Rxd3 26. Rcd1 Red8 27. Ke2 R8d5 28. Nc4 R3d4 29.
Ne3 Bd3+ 30. Kf2 Rd7 31. Rd2 Bg6 32. Rxd4 Rxd4 33. Rd1 Rxd1 34. Nxd1 Kc7 35. Ke3 Kd6 36. Kd4 Bh5 37. g4 Bf7 38. Nc3 a6 39. a4 b6 40.
b4 h5 41. Ne4+ Kc6 42. h3 hxg4 43. hxg4 Bb3 44. Nc3 Bc2 45. f4 g5 46. f5 Kd6 47.
Nd5 Bxa4 48. Nxf6 Bd1 49. Ne4+ Ke7 50. Ke5 Bxg4 51. f6+ Kf8 52. Nxg5 a5 53. bxa5 bxa5 54. Ne4 a4 55. Nc3 a3 56. Kf4 Be6 57. Ke5 Bf7 58. Kd6 Bb3 59. Kc5 Kf7 60. Kb4 a2 61. Nxa2 Bxa2 62. Ka3 Be6 63. Kb4 Kxf6 1/2-1/2

[Event "Early-Titled-Tuesday-Blitz-May-28-2024"]
[Site "Chess.com"]
[Date "2024.05.28"]
[Round "3"]
[White "Erdnya15"]
[Black "chessfatbear"]
[Result "0-1"]
[WhiteElo "2498"]
[BlackElo "2827"]
[TimeControl "180+1"]
[EndTime "8:29:16 PDT"]
[Termination "chessfatbear won by checkmate"]

1. e4 c6 2. d4 g6 3. c4 Bg7 4. Nf3 d6 5. Nc3 Nf6 6. h3 O-O 7. Be2 e5 8. Be3 exd4 9. Bxd4 Re8 10. O-O Nxe4 11. Bxg7 Kxg7 12. Nxe4 Rxe4 13. Bd3 Re8 14. Qd2 Na6 15. Rad1 Qf6 16. Bb1 Bxh3 17. Qxd6 Bg4 18.
Qxf6+ Kxf6 19. Rd6+ Kg7 20. Nh2 Be6 21. b3 Rad8 22. Rfd1 Rxd6 23. Rxd6 Kf8 24. Nf3 Bg4 25. Kf1 Bxf3 26. gxf3 Ke7 27. Rd1 Rd8 28. Re1+ Kf6 29. a3 Nc5 30. b4 Ne6 31. Be4 Rd2 32. b5 cxb5 33. cxb5 b6 34. Bc6 Nf4 35. Kg1 h5 36. Re4 g5 37. Re8 Rd1+ 38. Kh2 Rf1 39. Ra8 Rxf2+ 40.
Kh1 h4 41. Rxa7 h3 42. Ra4 Kg6 43. Be8 Rxf3 44. Rd4 g4 45. Bc6 Rf2 46. Kg1 g3 47.
Be4+ f5 48. Rd6+ Kg5 49. Bd3 h2+ 50. Kh1 Nxd3 51. Rxd3 Rf1+ 52. Kg2 h1=Q+ 53. Kxg3 Rg1+ 54. Kf2 Qg2+ 55. Ke3 Qe4+ 56. Kd2 Qe1+ 57. Kc2 Rg2+ 58.
Kb3 Qb1+ 59. Kc4 Qc2+ 60. Kd5 Qxd3+ 61. Kc6 Rc2+ 62. Kxb6 Qd6+ 63. Kb7 Rc7+ 64. Ka8 Qd8# 0-1

[Event "Early-Titled-Tuesday-Blitz-May-28-2024"]
[Site "Chess.com"]
[Date "2024.05.28"]
[Round "3"]
[White "martinmena"]
[Black "andrzej"]
[Result "0-1"]
[WhiteElo "2126"]
[BlackElo "2478"]
[TimeControl "180+1"]
[EndTime "8:29:16 PDT"]
[Termination "andrzej won by checkmate"]

1. c4 e6 2. g3 d5 3. Bg2 Nf6 4. Nf3 dxc4 5. Qa4+ Bd7 6. Qxc4 c5 7. O-O Nc6 8. d3 b5 9. Qc2 Rc8 10. b3 Be7 11.
Bb2 O-O 12. Nc3 Nd4 13. Qd2 Bc6 14. Nxd4 Bxg2 15. Nxe6 Qb6 16. Nxf8 Bxf1 17. Rxf1 Bxf8 18. Rc1 h5 19. h4 a6 20. Qg5 Qe6 21. Kg2 Re8 22.
e4 c4 23. bxc4 bxc4 24. Nd5 Nxd5 25. exd5 Qe2 26. Bd4 cxd3 27. Be3 Bd6 28. Rc6 Rxe3 29. Qxe3 Qxe3 30. fxe3 d2 31. Rxd6 d1=Q 32. Rd8+ Kh7 33. Kf2 Qc2+ 34. Kf3 Qxa2 35. e4 Qb3+ 36. Kf4 Qb6 37.
Re8 Qd6+ 38. Re5 Qf6+ 39. Rf5 Qd6+ 40. Kf3 f6 41. Rxh5+ Kg8 42. Re5 fxe5 43. g4 Qf6+ 44. Ke3 Qf4+ 45. Kd3 Qxg4 46. d6 Qe6 47. Ke3 Qxd6 48. Kf3 Qd4 49. Kg4 Qxe4+ 50. Kg5 Qf4+ 51.
Kh5 Qf5# 0-1